 Dungeon Crawl Stone Soup version 0.20-a0-351-gc9b4002 (webtiles) character file.

1866765 Duffy the Invulnerable (level 27, 278/278 (279) HPs)
             Began as a Naga Fighter on Dec 26, 2016.
             Was the Champion of Makhleb.
             Escaped with the Orb
             ... and 3 runes!
             The game lasted 01:54:50 (63829 turns).

Duffy the Invulnerable (Naga Fighter)              Turns: 63829, Time: 01:54:51

HP:   278/278 (279) AC: 68    Str: 36      XL:     27
MP:   41/41         EV: 16    Int:  8 (10) God:    Makhleb [******]
Gold: 3976          SH: 16    Dex: 17      Spells: 26/26 levels left

rFire  + . .     SeeInvis +     a - +8 mithril axe "Arga" {speed, MR+}
rCold  + . .     Gourm    .     i - +12 crystal plate armour {rC+}
rNeg   + . .     Faith    .     Y - +2 shield of Resistance {rF+ rC+ MR+}
rPois  +         Spirit   .     t - +4 helmet "Vyonan" {Str+3}
rElec  +         Reflect  .     Q - +2 cloak
rCorr  .         Harm     .     V - +2 pair of gloves {Str+3}
MR     +++++                    F - +0 naga barding
Stlth  ..........               N - amulet "Tafeobas" {rPois Regen+ Slay+3}
                                j - ring of Tici {+Fly rElec rC- Dex+10 Slay+2}
                                B - ring of Insomnia {rN+ MP+9 Dex-4 Slay+5 Stlth+}

@: very slow
A: see invisible, deformed body, poison resistance, slowness 2, slow metabolism
1, spit poison 1, constrict 1, AC +9
0: Orb of Zot
}: 3/15 runes: serpentine, barnacled, silver
a: Spit Poison, Minor Destruction, Lesser Servant of Makhleb, Major Destruction,
Greater Servant of Makhleb, Renounce Religion, Evoke Flight


You escaped.
You worshipped Makhleb.
Makhleb was exalted by your worship.
You were very full.

You visited 10 branches of the dungeon, and saw 50 of its levels.
You visited the Abyss 1 time.
You visited 1 ziggurat, and saw 10 of its levels.
You also visited: Trove, Ice Cave and Volcano.

You collected 7546 gold pieces.
You spent 3570 gold pieces at shops.

Inventory:

Hand Weapons
 a - the +8 mithril axe "Arga" (weapon) {speed, MR+}
   (You bought it in a shop on level 2 of the Orcish Mines)

   Attacks with this weapon are significantly faster.
   It affects your resistance to hostile enchantments.
Armour
 i - a +12 crystal plate armour of cold resistance (worn)
 t - the +4 helmet "Vyonan" (worn) {Str+3}
   (You bought it in a shop on level 2 of the Orcish Mines)

   It affects your strength (+3).
 F - a +0 naga barding (worn)
 Q - a +2 cloak (worn)
 V - a +2 pair of gloves of strength (worn)
 Y - the +2 shield of Resistance (worn) {rF+ rC+ MR+}
   (You found it on level 11 of the Dungeon)

   It protects you from fire.
   It protects you from cold.
   It affects your resistance to hostile enchantments.
Jewellery
 d - the ring "Huru" {rElec rC+++ Str+4 Dex-2 Stlth+}
   (You found it in a treasure trove)

   [ring of strength]

   It affects your strength (+4).
   It affects your dexterity (-2).
   It renders you almost immune to cold.
   It insulates you from electricity.
   It makes you more stealthy.
 j - the ring of Tici (right hand) {+Fly rElec rC- Dex+10 Slay+2}
   (You found it in a treasure trove)

   [ring of flight]

   It affects your dexterity (+10).
   It affects your accuracy and damage with ranged weapons and melee attacks
   (+2).
   It makes you vulnerable to cold.
   It insulates you from electricity.
   It lets you fly.
 y - the amulet "Miph" {Spirit rElec Str+3 Dex+4}
   (You found it in a treasure trove)

   [amulet of guardian spirit]

   It causes incoming damage to be split between your health and magic.
   It affects your strength (+3).
   It affects your dexterity (+4).
   It insulates you from electricity.
 B - the ring of Insomnia (left hand) {rN+ MP+9 Dex-4 Slay+5 Stlth+}
   (You took it off a frost giant on level 2 of the Depths)

   [ring of magical power]

   It affects your dexterity (-4).
   It affects your accuracy and damage with ranged weapons and melee attacks
   (+5).
   It protects you from negative energy.
   It affects your magic capacity (+9).
   It makes you more stealthy.
 G - the amulet of the Peasants {*Corrode rElec rF++ rN+ Regen+}
   (You found it in a treasure trove)

   [amulet of regeneration]

   It greatly protects you from fire.
   It insulates you from electricity.
   It protects you from negative energy.
   It increases your rate of regeneration.
   It may corrode you when you take damage.
 H - the ring "Tuts" {rCorr *Corrode rElec rF+ MR++}
   (You bought it in a shop on level 2 of the Orcish Mines)

   [ring of resist corrosion]

   It protects you from fire.
   It insulates you from electricity.
   It affects your resistance to hostile enchantments.
   It may corrode you when you take damage.
 I - a cursed ring of teleportation {unknown}
 N - the amulet "Tafeobas" (around neck) {rPois Regen+ Slay+3}
   (You found it on level 4 of the Shoals)

   [amulet of regeneration]

   It affects your accuracy and damage with ranged weapons and melee attacks
   (+3).
   It protects you from poison.
   It increases your rate of regeneration.
 W - a +5 ring of protection
Wands
 g - a wand of acid (7/15)
 m - a wand of iceblast (5/15)
 o - a wand of digging (5/24)
 p - a wand of acid (6/15)
Scrolls
 b - 6 scrolls of fog
 c - 6 scrolls of holy word
 e - 35 scrolls of remove curse
 k - 7 scrolls of blinking
 s - 4 scrolls of magic mapping
 v - 4 scrolls of summoning
 E - 9 scrolls of recharging
 M - 15 scrolls of teleportation
 O - 4 scrolls of identify
Potions
 h - 4 potions of magic
 l - a potion of invisibility
 n - 6 potions of berserk rage
 r - 12 potions of haste
 w - 6 potions of heal wounds
 x - 21 potions of curing
 z - 4 potions of ambrosia
 A - 2 potions of cure mutation
 D - 4 potions of agility
 T - 2 potions of resistance
 U - 7 potions of might
 Z - 2 potions of flight
Miscellaneous
 u - a fan of gales
 C - a phial of floods
 J - 5 boxes of beasts
 R - 4 phantom mirrors
 S - 4 sacks of spiders
 X - a lamp of fire
Comestibles
 f - 23 bread rations
 K - 17 meat rations
 L - 27 fruits


   Skills:
 - Level 22.5 Fighting
 - Level 18.0 Axes
 O Level 27 Armour
 + Level 21.2 Dodging
 - Level 10.0 Shields
 - Level 12.5 Invocations
 - Level 10.5 Evocations


You had 26 spell levels left.
You didn't know any spells.

Dungeon Overview and Level Annotations

Branches:
Dungeon (15/15)            Temple (1/1) D:5            Lair (6/6) D:11
 Shoals (4/4) Lair:4        Snake (4/4) Lair:2        Slime (0/5) Lair:5
    Orc (2/2) D:11            Elf (3/3) Orc:2        Vaults (5/5) D:14
  Crypt (0/3) Vaults:2     Depths (5/5) D:15            Zot (5/5) Depths:5

Altars:
Ashenzari
Cheibriados
Dithmenos
Elyvilon
Fedhas
Gozag
Hepliaklqana
Kikubaaqudgha
Makhleb
Nemelex Xobeh
Okawaru
Qazlal
Ru
Sif Muna
Trog
Uskayaw
Vehumet
Xom
Yredelemnul
Zin
The Shining One
Beogh
Jiyva
Lugonu

Shops:
D:4 =   D:8 %   D:9 *   D:10 *   Orc:2 =(=[   Elf:2 (   Shoals:2 [   Vaults:5 :
Depths:4 (

Portals:
Hell: Depths:1 Depths:3 Depths:4 Depths:5
Abyss: Depths:3 Depths:4 Depths:5
Pandemonium: Depths:3 Depths:5
Bazaar: Depths:1

Annotations:
D:12 exclusion: obsidian statue
Snake:1 exclusion: Roxanne, Roxanne
Snake:2 exclusion: upstairs
Depths:2 1 exclusion


Innate Abilities, Weirdness & Mutations

You cannot wear boots.
Your serpentine skin is tough. (AC +9)
You have supernaturally acute eyesight. (SInv)
Armour fits poorly on your strangely shaped body.
Your system is resistant to poisons. (rPois)
You cover ground very slowly.
You have a slow metabolism.
You can spit poison.
You can use your snake-like lower body to constrict enemies.


Message History

(V) Vaults (C) Crypt (U) Depths (H) Hell (Z) Zot
Where to? (Enter - D:1 @ (x,y), ? - help)
A bat comes into view.
You block the bat's attack. x2; The bat hits you but does no damage. x2
You cut the bat into ribbons!!!
You kill the bat!
Makhleb accepts your kill.
No target in view!
No target in view!
(D) Dungeon (T) Temple (L) Lair (A) Shoals (P) Snake Pit (M) Slime Pits (O) Orcish Mines (E) Elven Halls (V) Vaults (C) Crypt (U) Depths (H) Hell (Z) Zot
Where to? (Enter - D:1 @ (x,y), ? - help)
There is an open door here.
There is a staircase leading out of the dungeon here.
It has a very clean taste.
You feel healthier.
You have escaped!

.....#.##.#..######..##.### #.#
.....#...........##^......###.#
.............###.###.#........#
.....####.#############.....###
.....# ###0000#.#00~~###.#.###
###.## #~0000#.#0~0~0#......###
#.# #~0#0~#.#~~#0~##........
#.# #0000~#.#~0000#....####.
#.# ###00~00#@#~~000####.#.##.
#.####.#~000~#.#~~0~0# #..#.#.
#...)..#0000~#.#00000####.###..
########0~#~0#.#X~#0~#....####.
#~0~~~#.#~~~~~###.......
##~~~~#'#~~~Y## ###...#(
######.###### ##.##( #...#
#.##. #.#.# #.##.


You could see an Orb Guardian.

Vanquished Creatures
  2 ancient liches
  2 orbs of fire
  3 juggernauts
  Saint Roka (Orc:2)
  Margery (Depths:1)
  3 caustic shrikes (Depths:5)
  The ghost of removeelyvilon the Warrior, a veteran MfTm of Cheibriados (Elf:3)
  6 Killer Klowns
  2 curse toes
  10 golden dragons
  3 pandemonium lords (Zig:9)
  A Tzitzimitl (Zig:9)
  4 bone dragons
  4 liches
  2 electric golems (Zot:5)
  22 tentacled monstrosities
  A Hell Sentinel (Depths:2)
  The ghost of tsouns the Warrior, an adept DrGl of Hepliaklqana (Depths:2)
  27 Orb Guardians
  5 deep elf blademasters
  Asterion (Vaults:1)
  5 titans
  5 quicksilver dragons
  5 deep elf master archers (Elf:3)
  An acid blob (Zig:1)
  A tentacled starspawn (Abyss:3)
  8 death cobs
  A kraken (Shoals:3)
  Kirke (Shoals:2)
  An Executioner (Zot:5)
  Frances (D:13)
  4 sphinxes
  Agnes (Snake:4)
  15 shadow dragons
  Donald (Vaults:1)
  2 revenants
  16 storm dragons
  5 tengu reavers
  Ilsuiw (Shoals:4)
  10 draconian monks
  A frost giant (shapeshifter) (Zig:9)
  7 nagarajas
  16 fire giants
  Aizul (Vaults:1)
  10 deep elf sorcerers
  Louise (Shoals:4)
  8 draconian knights
  12 frost giants
  5 draconian scorchers
  A warmonger (D:13)
  A curse skull (Zig:7)
  6 deep elf elementalists
  8 draconian annihilators
  An emperor scorpion (Zig:5)
  6 ghost moths
  An angel (Abyss:3)
  14 vault wardens
  3 orc warlords
  3 spriggan defenders
  8 draconian stormcallers
  3 draconian shifters
  4 reapers
  6 war gargoyles
  17 stone giants
  21 ironheart preservers
  27 very ugly things
  4 vampire knights
  9 green draconians
  2 deep elf demonologists
  10 black draconians
  19 purple draconians
  8 yellow draconians
  15 red draconians
  13 white draconians
  5 deep elf annihilators
  Snorg (D:10)
  24 spark wasps
  6 deep elf death magi
  11 ettins
  3 blizzard demons
  6 merfolk javelineers
  10 fire dragons
  17 yaktaur captains
  12 merfolk impalers
  20 ogre magi
  9 deep elf high priests
  6 jiangshi
  17 great orbs of eyes
  36 vault guards
  9 rakshasas
  6 hydras
  17 naga warriors
  9 spriggan air magi
  4 merfolk avatars
  An anaconda (shapeshifter) (Vaults:5)
  15 ice dragons
  4 death knights
  8 centaur warriors
  The ghost of Beholder179 the Fighter, a novice DgWn (D:8)
  3 satyrs
  3 alligator snapping turtles
  A catoblepas (Lair:6)
  26 dancing weapons
  14 anacondas
  6 merfolk aquamancers
  77 two-headed ogres
  Erica (D:11)
  6 tengu warriors
  6 vampire magi
  17 deep troll earth magi
  9 spriggan berserkers
  8 deep troll shamans
  4 large abominations
  7 thrashing horrors (Abyss:3)
  11 naga sharpshooters
  5 death yaks
  A sun demon (D:11)
  10 shock serpents
  3 orc high priests (Orc:2)
  31 deep elf knights
  An iron troll (shapeshifter) (Zig:9)
  7 hell knights
  2 sixfirhies
  5 skeletal warriors (D:15)
  8 salamander mystics
  4 iron trolls
  A wretched star (Abyss:3)
  4 shadow wraiths
  A death drake (Abyss:3)
  A gelid demonspawn (D:13)
  8 starcursed masses
  15 wizards
  6 unseen horrors
  16 sea snakes
  An unseen horror (shapeshifter) (D:15)
  6 flayed ghosts
  8 phantasmal warriors
  7 glowing orange brains
  15 ironbrand convokers
  11 naga ritualists
  58 deep trolls
  18 deep elf archers
  The ghost of ThermosAquaticus the Destroyer, a novice DECj of Vehumet (D:7)
  Pikel (D:4)
  14 orc knights
  A tengu zombie (Zig:10)
  15 mana vipers
  5 necromancers
  A fire giant zombie (Zig:8)
  2 harpies (shapeshifter)
  A mana viper (shapeshifter) (Vaults:5)
  2 stone giant zombies (Zig:8)
  6 wolf spiders
  A tengu skeleton (Zig:10)
  2 orb spiders (shapeshifter) (Vaults:4)
  76 deep elf magi
  32 harpies
  2 orb spiders
  10 cyclopes
  47 ugly things
  An iron dragon zombie (Zig:8)
  A salamander (shapeshifter) (Elf:1)
  19 salamanders
  6 orc sorcerers
  4 oklob plants (Zig:10)
  14 manticores
  A moth of wrath (shapeshifter) (Depths:4)
  30 moths of wrath
  13 fauns
  A manticore (shapeshifter) (Depths:5)
  2 ice statues (IceCv)
  A frost giant skeleton (Zig:10)
  8 guardian serpents
  14 merfolk sirens
  5 toenail golems (Volcano)
  2 apocalypse crabs (Zig:9)
  49 black mambas
  A stone giant skeleton (Vaults:2)
  2 water nymphs
  A rust devil (Depths:4)
  2 human skeletons
  A gargoyle (D:12)
  13 elephants
  A black mamba (shapeshifter) (D:13)
  21 naga magi
  An elf zombie (Zig:10)
  9 vault sentinels
  2 orange demons
  A torpor snail (Zig:2)
  11 spiny frogs
  A smoke demon (Depths:2)
  18 eyes of devastation (Depths:4)
  A rime drake (shapeshifter) (Depths:3)
  A rime drake (Lair:3)
  3 demonic crawlers
  3 kobold demonologists
  2 tormentors
  A yaktaur (shapeshifter) (Vaults:1)
  2 efreet
  6 komodo dragons
  4 tengu conjurers
  76 yaktaurs
  8 freezing wraiths
  2 red devils
  A meliai (shapeshifter) (D:15)
  24 merfolk
  11 ice devils
  2 jumping spiders
  6 meliai (D:13)
  A jumping spider (shapeshifter) (Vaults:1)
  An ancient zyme (Zig:6)
  7 wind drakes
  13 hornets
  7 trolls
  Prince Ribbit (D:5)
  23 blink frogs
  A hippogriff (shapeshifter) (Vaults:4)
  15 hippogriffs
  4 hornets (shapeshifter)
  26 slime creatures
  6 raiju
  15 dream sheep
  12 snapping turtles
  2 flying skulls (Zig:10)
  18 water elementals
  15 air elementals
  3 shadows
  A tarantella (Zig:4)
  4 ynoxinuls
  4 redbacks
  9 spriggans
  58 yaks
  Eustachio (D:6)
  6 fire bats
  2 vampires
  5 wraiths
  5 wyverns
  A hog (Shoals:2)
  7 basilisks
  4 fire elementals
  19 humans (D:14)
  8 golden eyes
  4 chaos spawn
  2 hungry ghosts
  A steam dragon (D:10)
  7 vampire mosquitoes (D:14)
  4 neqoxecs
  An elf skeleton (Zig:10)
  7 wargs
  Menkaure (D:4)
  56 nagas
  15 small abominations
  A soldier ant (shapeshifter) (Vaults:3)
  8 water moccasins
  An acid dragon (Vaults:2)
  9 porcupines
  A floating eye (Depths:4)
  3 black bears
  A floating eye (shapeshifter) (Vaults:5)
  36 orc warriors
  5 sky beasts
  A slave (D:4)
  2 necrophages
  An eye of draining (shapeshifter) (Elf:1)
  2 eyes of draining
  2 hornet zombies
  8 ice beasts
  21 wolves
  2 phantoms
  14 boggarts
  22 centaurs
  An orc skeleton (Vaults:2)
  13 crocodiles
  50 ogres
  5 big kobolds
  Blork the orc (D:4)
  3 earth elementals
  A gnoll sergeant (Orc:2)
  16 bullfrogs
  A water moccasin zombie (D:10)
  3 scorpions
  2 human simulacra (Vaults:1)
  8 wights
  6 howler monkeys
  2 electric eels (Snake:1)
  5 centaur zombies
  11 crimson imps
  A bullfrog zombie (D:13)
  4 hounds
  6 jellies
  A quasit (D:12)
  30 orc wizards
  4 bullfrog skeletons
  22 orc priests
  Jessica (D:2)
  3 centaur skeletons
  2 iguanas
  Terence (D:2)
  6 hell rats (Lair:6)
  12 worker ants
  A killer bee zombie (D:5)
  2 hound skeletons
  2 hound zombies
  Robin (D:4)
  13 gnolls
  A howler monkey skeleton (D:6)
  9 adders
  9 shadow imps
  17 white imps
  6 ufetubi (IceCv)
  3 adder skeletons
  2 worms
  A dart slug (D:1)
  5 leopard geckos
  110 orcs
  A ball python (D:5)
  3 giant cockroaches
  17 goblins
  11 hobgoblins
  7 jackals
  29 kobolds
  2 quokkas
  9 bats
  A frilled lizard (D:3)
  A jackal skeleton (D:5)
  A jackal zombie (D:5)
  A quokka skeleton (D:5)
  5 rats
  2 bushes (Shoals:4)
  5 crawling corpses (Vaults:5)
  4 fungi
  23 plants
  3 tentacles (Shoals:3)
2864 creatures vanquished.

Vanquished Creatures (collateral kills)
  The ghost of ilikecats the Geomancer, a journeyman DDEE of Vehumet (Lair:6)
  An ice dragon (D:11)
  A hydra (Lair:2)
  2 orc warriors (Orc:2)
  3 orcs (Orc:2)
8 creatures vanquished.

Vanquished Creatures (others)
  A yaktaur captain (Vaults:3)
  A naga sharpshooter (Snake:3)
  A vampire mage (Depths:3)
  A wizard (Volcano)
  A moth of wrath (Zot:5)
  A naga mage (Snake:1)
  A vault sentinel (Vaults:1)
  A smoke demon (Abyss:3)
  2 yaktaurs (Vaults:2)
  A blink frog (shapeshifter) (Zig:6)
  A warg (Vaults:5)
  A slave (D:4)
  An ogre (Depths:1)
  5 centaurs
  An orc priest (D:4)
  A howler monkey skeleton (D:4)
  3 white imps (IceCv)
  3 ufetubi (IceCv)
  A leopard gecko (D:4)
  2 orcs (D:4)
  A quokka (D:13)
  A jackal skeleton (D:4)
  A leopard gecko skeleton (D:4)
  3 bushes (Lair:6)
  13 fungi
  16 plants
  2 starspawn tentacles (Abyss:3)
  4 tentacles (Shoals:3)
71 creatures vanquished.

Grand Total: 2943 creatures vanquished

Notes
Turn   | Place    | Note
-------+----------+-------------------------------------------
     0 | D:1      | Duffy the Naga Fighter began the quest for the Orb.
     0 | D:1      | Reached XP level 1. HP: 21/21 MP: 1/1
   152 | D:1      | Reached XP level 2. HP: 25/28 MP: 2/2
   573 | D:1      | Reached skill level 3 in Shields
   574 | D:1      | Reached XP level 3. HP: 29/34 MP: 3/3
   945 | D:2      | Noticed Terence
   952 | D:2      | Killed Terence
   952 | D:2      | Reached skill level 3 in Axes
  1019 | D:2      | Noticed Jessica
  1025 | D:2      | Reached XP level 4. HP: 36/42 MP: 4/4
  1028 | D:2      | Killed Jessica
  1637 | D:3      | Reached XP level 5. HP: 49/49 MP: 5/5
  1710 | D:3      | Reached skill level 4 in Shields
  2591 | D:3      | Reached skill level 4 in Axes
  2667 | D:4      | Noticed a slave
  2667 | D:4      | Noticed a slave
  2670 | D:4      | Noticed Pikel
  2683 | D:4      | Noticed a slave
  2683 | D:4      | Killed a slave
  2685 | D:4      | Noticed a slave
  2690 | D:4      | Killed Pikel
  2690 | D:4      | Reached skill level 6 in Shields
  2690 | D:4      | Reached XP level 6. HP: 46/56 MP: 6/6
  2690 | D:4      | Reached XP level 7. HP: 51/62 MP: 7/7
  2755 | D:4      | Noticed Blork the orc
  2771 | D:4      | Killed Blork the orc
  2818 | D:4      | Found Xopu's Jewellery Boutique.
  2955 | D:4      | Noticed Menkaure
  2967 | D:4      | Killed Menkaure
  2967 | D:4      | Reached skill level 1 in Evocations
  2967 | D:4      | Reached XP level 8. HP: 69/69 MP: 7/9
  2969 | D:4      | Noticed Robin
  2994 | D:4      | Reached skill level 2 in Evocations
  2995 | D:4      | Killed Robin
  3590 | D:5      | Entered Level 5 of the Dungeon
  3680 | D:5      | Noticed a two-headed ogre
  3688 | D:5      | Killed a two-headed ogre
  3688 | D:5      | Reached skill level 7 in Shields
  3688 | D:5      | Reached skill level 5 in Evocations
  3769 | D:5      | Reached XP level 9. HP: 69/75 MP: 12/12
  3848 | D:5      | Noticed Prince Ribbit
  3848 | D:5      | Noticed a hornet
  3856 | D:4      | Killed a hornet
  3856 | D:4      | Reached skill level 5 in Axes
  3856 | D:4      | Reached skill level 8 in Shields
  4024 | D:5      | Killed Prince Ribbit
  4203 | D:5      | Found a staircase to the Ecumenical Temple.
  4291 | D:4      | Found a shadowy altar of Dithmenos.
  4315 | Temple   | Entered the Ecumenical Temple
  4378 | Temple   | Became a worshipper of Makhleb the Destroyer
  4914 | D:6      | Gained mutation: You have sharp fingernails. [potion of beneficial mutation]
  5216 | D:5      | Reached skill level 9 in Shields
  5740 | D:6      | Found a bloodstained altar of Trog.
  5749 | D:6      | Reached * piety under Makhleb
  5841 | D:6      | Noticed Eustachio
  5852 | D:6      | Killed Eustachio
  6417 | D:7      | Reached skill level 10 in Shields
  6437 | D:7      | Noticed ThermosAquaticus's ghost (novice DECj)
  6455 | D:7      | Killed ThermosAquaticus's ghost
  6455 | D:7      | Reached skill level 4 in Fighting
  6455 | D:7      | Reached skill level 3 in Armour
  6455 | D:7      | Reached XP level 10. HP: 85/85 MP: 13/13
  6858 | D:7      | Found a snail-covered altar of Cheibriados.
  6962 | D:7      | Found a sacrificial altar of Ru.
  6963 | D:7      | Found a shimmering altar of Xom.
  7561 | D:8      | Reached skill level 4 in Armour
  7670 | D:8      | Reached skill level 5 in Fighting
  7675 | D:8      | Found Hadareh's Food Boutique.
  8016 | D:8      | Reached ** piety under Makhleb
  8047 | D:8      | Noticed Beholder179's ghost (novice DgWn)
  8490 | D:9      | Noticed a two-headed ogre
  8500 | D:9      | Killed a two-headed ogre
  8500 | D:9      | Reached skill level 6 in Fighting
  8500 | D:9      | Reached skill level 5 in Armour
  8636 | D:9      | Paralysed by fainting for 12 turns
  8786 | D:9      | Noticed a two-headed ogre
  8798 | D:9      | Killed a two-headed ogre
  8798 | D:9      | Reached skill level 6 in Axes
  9238 | D:9      | Found an opulent altar of Gozag.
  9240 | D:9      | Found Gozag's Platinum Reserve.
  9408 | D:9      | Reached XP level 11. HP: 99/99 MP: 14/14
  9840 | D:10     | Entered Level 10 of the Dungeon
  9855 | D:10     | Reached skill level 7 in Fighting
  9890 | D:10     | Reached skill level 6 in Armour
 10464 | D:10     | Noticed Snorg
 10610 | D:11     | Reached skill level 7 in Axes
 10613 | D:11     | Reached *** piety under Makhleb
 10729 | D:10     | Killed Snorg
 10890 | D:10     | Found Koerghunk's General Store.
 10928 | D:10     | Reached skill level 8 in Fighting
 11013 | D:10     | Bought a scroll of teleportation for 39 gold pieces
 11013 | D:10     | Bought a +2 pair of gloves of strength for 279 gold pieces
 11164 | D:10     | Noticed a two-headed ogre
 11182 | D:10     | Killed a two-headed ogre
 11353 | D:10     | Noticed a red ugly thing
 11368 | D:10     | Killed a red ugly thing
 11368 | D:10     | Reached skill level 8 in Axes
 11368 | D:10     | Reached skill level 7 in Armour
 11745 | D:10     | Noticed a manticore
 11757 | D:10     | Killed a manticore
 11757 | D:10     | Reached XP level 12. HP: 104/112 MP: 15/15
 11759 | D:10     | Reached skill level 9 in Fighting
 12354 | D:11     | Reached **** piety under Makhleb
 12508 | D:11     | Found a staircase to the Lair.
 12615 | D:11     | Noticed a fire dragon
 12617 | D:11     | Noticed an ice dragon
 12618 | D:11     | Noticed a fire dragon
 12619 | D:11     | Noticed an ice dragon
 12620 | D:11     | Found a runed door.
 12627 | D:11     | Found a runed door.
 12779 | D:11     | Found a staircase to the Orcish Mines.
 13102 | D:11     | Noticed Erica
 13119 | D:11     | Killed Erica
 13119 | D:11     | Reached skill level 9 in Axes
 13231 | D:11     | Reached skill level 10 in Fighting
 13231 | D:11     | Reached skill level 7 in Invocations
 13231 | D:11     | Gained mutation: You can use your snake-like lower body to constrict enemies. [Naga growth]
 13231 | D:11     | Reached XP level 13. HP: 124/124 MP: 15/18
 13319 | Lair:1   | Entered Level 1 of the Lair of Beasts
 13391 | Lair:1   | Reached skill level 8 in Armour
 14261 | Lair:2   | Found a staircase to the Snake Pit.
 14370 | Lair:2   | Reached skill level 10 in Axes
 14915 | Lair:2   | Reached skill level 9 in Armour
 15475 | Lair:3   | Got a fine bone ring
 15485 | Lair:3   | Identified the cursed ring "Doyshraco" {rPois Int-4 Dex-3 SInv} (You found it on level 3 of the Lair of Beasts)
 15948 | Lair:3   | Reached skill level 11 in Axes
 16126 | Lair:3   | Reached XP level 14. HP: 133/133 MP: 19/19
 16208 | Lair:3   | Reached ***** piety under Makhleb
 16415 | Lair:4   | Reached skill level 10 in Armour
 16484 | Lair:4   | Got a slimy bone amulet
 16485 | Lair:4   | Identified the amulet "Suavvos" {Harm *Drain rC+ rN+ MR-} (You found it on level 4 of the Lair of Beasts)
 16752 | Lair:4   | Reached skill level 12 in Axes
 16999 | Lair:4   | Found a staircase to the Shoals.
 17274 | Lair:5   | Found a viscous altar of Jiyva.
 17282 | Lair:5   | Found a staircase to the Slime Pits.
 17409 | Lair:5   | Identified the Almanac of Fiery Displacement
 18087 | Lair:5   | Reached skill level 11 in Armour
 18342 | Lair:6   | Entered Level 6 of the Lair of Beasts
 18682 | Lair:6   | Noticed ilikecats's ghost (journeyman DDEE)
 19008 | Lair:6   | Killed ilikecats's ghost
 19657 | Lair:6   | Reached skill level 13 in Axes
 20027 | Lair:6   | Identified a scroll of acquirement
 20373 | Lair:6   | Reached XP level 15. HP: 135/140 MP: 20/20
 20585 | Lair:6   | Reached skill level 12 in Armour
 21018 | D:8      | Killed Beholder179's ghost
 21409 | D:12     | Reached ****** piety under Makhleb
 21764 | D:12     | Reached skill level 14 in Axes
 22540 | D:13     | Noticed Frances
 22556 | D:13     | Killed Frances
 22666 | D:13     | Found a frozen archway.
 22687 | IceCv    | Entered an ice cave
 22824 | IceCv    | Got a crude hat
 22835 | IceCv    | Identified the +1 hat "Epeh" {*Corrode rPois Regen+ Int+7 SInv} (You found it in an ice cave)
 22996 | IceCv    | Got a warped demon blade
 23087 | D:13     | Reached skill level 13 in Armour
 23623 | D:13     | Found a white marble altar of Elyvilon.
 24294 | Orc:1    | Entered Level 1 of the Orcish Mines
 24325 | Orc:1    | Reached skill level 15 in Axes
 24359 | Orc:1    | Found a dark tunnel.
 24364 | Volcano  | Entered a volcano
 24372 | Volcano  | Reached XP level 16. HP: 147/147 MP: 21/21
 25041 | Orc:2    | Entered Level 2 of the Orcish Mines
 25396 | Orc:2    | Noticed Saint Roka
 25422 | Orc:2    | Killed Saint Roka
 25681 | Orc:2    | Found a roughly hewn altar of Beogh.
 25833 | Orc:2    | Found a staircase to the Elven Halls.
 26248 | Orc:2    | Found Vieprox's Antique Weapon Emporium.
 26248 | Orc:2    | Found Rohoz's Jewellery Emporium.
 26249 | Orc:2    | Found Ykkiurepu's Antique Armour Boutique.
 26249 | Orc:2    | Found Weqegitz's Jewellery Boutique.
 26338 | Orc:2    | Bought the +8 mithril axe "Arga" {speed, MR+} for 1615 gold pieces
 26586 | D:14     | Reached skill level 14 in Armour
 26645 | D:14     | Reached skill level 16 in Axes
 27238 | D:14     | Reached skill level 11 in Fighting
 27255 | D:14     | Found a gate to the Vaults.
 27288 | D:14     | Gained mutation: You can exhale a cloud of poison. [potion of beneficial mutation]
 27603 | D:14     | Identified the +5 demon blade of Fury {vamp, rC+} (You found it in an ice cave)
 27636 | D:15     | Entered Level 15 of the Dungeon
 27679 | D:15     | Found a staircase to the Depths.
 28219 | D:15     | Reached XP level 17. HP: 159/159 MP: 22/22
 28248 | D:15     | Found a blossoming altar of Fedhas.
 28451 | D:15     | Reached skill level 12 in Fighting
 28689 | Orc:2    | Bought a polished helmet for 380 gold pieces
 28699 | Orc:2    | Identified the +4 helmet "Vyonan" {Str+3} (You bought it in a shop on level 2 of the Orcish Mines)
 28710 | Orc:2    | Bought the ring "Tuts" {rCorr *Corrode rElec rF+ MR++} for 613 gold pieces
 28861 | Snake:1  | Entered Level 1 of the Snake Pit
 28865 | Snake:1  | Reached skill level 17 in Axes
 29633 | Snake:1  | Reached skill level 13 in Fighting
 29708 | Snake:1  | Noticed Roxanne
 30709 | Snake:3  | Reached skill level 18 in Axes
 30946 | Snake:3  | Reached skill level 14 in Fighting
 31055 | Snake:3  | Reached XP level 18. HP: 175/175 MP: 23/23
 31065 | Snake:3  | Reached skill level 6 in Evocations
 31447 | Snake:3  | Reached skill level 7 in Evocations
 31643 | Snake:4  | Entered Level 4 of the Snake Pit
 31800 | Snake:4  | Noticed Agnes
 31801 | Snake:4  | Reached skill level 8 in Evocations
 31812 | Snake:4  | Killed Agnes
 31858 | Snake:4  | Reached skill level 15 in Fighting
 32422 | Snake:4  | Reached skill level 9 in Evocations
 32453 | Snake:4  | Reached skill level 8 in Invocations
 32512 | Snake:4  | Reached skill level 10 in Evocations
 32520 | Snake:4  | Reached skill level 9 in Invocations
 32545 | Snake:4  | Reached XP level 19. HP: 186/186 MP: 24/26
 32651 | Snake:4  | Reached skill level 10 in Invocations
 32723 | Snake:4  | Got a serpentine rune of Zot
 33117 | Vaults:1 | Entered Level 1 of the Vaults
 33268 | Vaults:1 | Reached skill level 11 in Invocations
 33273 | Vaults:1 | Noticed Asterion
 33285 | Vaults:1 | Gained mutation: You are weak. (Str -2) [a cacodemon]
 33295 | Vaults:1 | Killed Asterion
 33414 | Vaults:1 | Noticed Aizul
 33426 | Vaults:1 | Killed Aizul
 33680 | Vaults:1 | Reached skill level 12 in Invocations
 33697 | Vaults:1 | Gained mutation: You are partially covered in yellow scales. (AC +2) [mutagenic meat]
 33698 | Vaults:1 | Gained mutation: You have a somewhat thin skeletal structure. (Dex +2, Stealth) [mutagenic meat]
 33700 | Vaults:1 | Lost mutation: You have sharp fingernails. [mutagenic meat]
 33736 | Vaults:1 | Found a white marble altar of Elyvilon.
 33742 | Vaults:1 | Noticed Donald
 33754 | Vaults:1 | Killed Donald
 33883 | Vaults:1 | Gained mutation: You expend magic power (3 MP) to strengthen your wands. [mutagenic meat]
 33884 | Vaults:1 | Gained mutation: Your spells are a little harder to cast, but a little more powerful. [mutagenic meat]
 33885 | Vaults:1 | Lost mutation: Your spells are a little harder to cast, but a little more powerful. [mutagenic meat]
 33887 | Vaults:1 | Gained mutation: You are occasionally teleported next to monsters. [mutagenic meat]
 33888 | Vaults:1 | Gained mutation: Your body sometimes deteriorates upon taking damage. [mutagenic meat]
 34886 | Vaults:2 | Reached skill level 16 in Fighting
 34990 | Vaults:2 | Reached XP level 20. HP: 196/196 MP: 29/29
 35417 | Vaults:2 | Found a staircase to the Crypt.
 35647 | Vaults:2 | Reached skill level 15 in Armour
 36063 | Vaults:3 | Reached skill level 17 in Fighting
 37223 | Vaults:4 | Lost mutation: You are weak. (Str -2) [mutagenic meat]
 37291 | Vaults:4 | Reached skill level 16 in Armour
 37294 | Vaults:4 | Reached XP level 21. HP: 211/211 MP: 30/30
 37308 | Vaults:4 | Gained mutation: You have a pair of small antennae on your head. [mutagenic meat]
 37428 | Vaults:4 | Found a portal to a secret trove of treasure.
 37548 | Vaults:2 | Reached skill level 18 in Fighting
 38339 | Vaults:4 | Reached skill level 1 in Dodging
 38343 | Vaults:4 | Identified the Guide on Arcane Weapons
 38370 | Vaults:4 | Cast into level 3 of the Abyss (war gargoyle)
 38379 | Abyss:3  | Found a corrupted altar of Lugonu.
 38465 | Abyss:3  | Reached skill level 2 in Dodging
 38496 | Abyss:3  | Reached skill level 3 in Dodging
 38550 | Abyss:3  | Gained mutation: You are clumsy. (Dex -2) [a neqoxec]
 38584 | Abyss:3  | Reached skill level 4 in Dodging
 38770 | Abyss:3  | Reached skill level 5 in Dodging
 38772 | Vaults:4 | Escaped the Abyss
 38933 | Vaults:4 | Reached skill level 6 in Dodging
 39346 | Vaults:4 | Reached skill level 7 in Dodging
 39526 | Vaults:4 | You paid a toll of a +5 demon blade to enter a treasure trove
 39527 | Trove    | Entered a treasure trove
 39532 | Trove    | Got a steaming platinum ring
 39536 | Trove    | Got a twitching silver amulet
 39538 | Trove    | Got a smoking platinum ring
 39540 | Trove    | Got a fine bone ring
 39547 | Trove    | Got a pitted graven amulet
 39549 | Trove    | Got a faintly glowing glass ring
 39554 | Trove    | Got a scintillating granite ring
 39575 | Trove    | Identified the amulet "Miph" {Spirit rElec Str+3 Dex+4} (You found it in a treasure trove)
 39576 | Trove    | Identified the amulet of the Peasants {*Corrode rElec rF++ rN+ Regen+} (You found it in a treasure trove)
 39581 | Trove    | Identified the ring "Gicvinet" {Wiz rPois Dex-4 SInv} (You found it in a treasure trove)
 39583 | Trove    | Identified the ring "Huru" {rElec rC+++ Str+4 Dex-2 Stlth+} (You found it in a treasure trove)
 39585 | Trove    | Identified the ring of Tici {+Fly rElec rC- Dex+10 Slay+2} (You found it in a treasure trove)
 39587 | Trove    | Identified the ring of Aziyk {Str+3 Dex+6} (You found it in a treasure trove)
 39589 | Trove    | Identified the ring "Jigumn" {rN+ MR- Str+6 Stlth+} (You found it in a treasure trove)
 39624 | Vaults:4 | Gained mutation: Your spells are a little harder to cast, but a little more powerful. [potion of mutation]
 39624 | Vaults:4 | Gained mutation: Your muscles are strong. (Str +2) [potion of mutation]
 39625 | Vaults:4 | Lost mutation: You expend magic power (3 MP) to strengthen your wands. [potion of mutation]
 39625 | Vaults:4 | Gained mutation: You have very sharp teeth. [potion of mutation]
 40311 | Lair:3   | Gained mutation: You have a pair of antennae on your head. [potion of mutation]
 40312 | Lair:3   | Gained mutation: You expend magic power (3 MP) to strengthen your wands. [potion of mutation]
 40312 | Lair:3   | Gained mutation: Your mind is acute. (Int +2) [potion of mutation]
 40532 | Depths:1 | Entered Level 1 of the Depths
 40542 | Depths:1 | Reached skill level 8 in Dodging
 40560 | Depths:1 | Found a gateway to a ziggurat.
 40591 | Depths:1 | Reached XP level 22. HP: 222/222 MP: 31/31
 40633 | Depths:1 | Gained mutation: You have an increased reservoir of magic. (+10% MP) [mutagenic meat]
 40635 | Depths:1 | Lost mutation: Your mind is acute. (Int +2) [mutagenic meat]
 40636 | Depths:1 | Lost mutation: You are clumsy. (Dex -2) [mutagenic meat]
 40637 | Depths:1 | Lost mutation: You can exhale a cloud of poison. [mutagenic meat]
 40732 | Depths:1 | Reached skill level 9 in Dodging
 40783 | Depths:1 | Lost mutation: Your spells are a little harder to cast, but a little more powerful. [mutagenic meat]
 40786 | Depths:1 | Lost mutation: Your body sometimes deteriorates upon taking damage. [mutagenic meat]
 40870 | Depths:1 | Noticed Margery
 40886 | Depths:1 | Killed Margery
 40909 | Depths:1 | Reached skill level 10 in Dodging
 40922 | Depths:1 | Found a gateway to Hell.
 40956 | Depths:1 | Found a gateway to a bazaar.
 41260 | Depths:1 | Lost mutation: You have a somewhat thin skeletal structure. (Dex +2, Stealth) [mutagenic meat]
 41352 | Depths:1 | Got a twitching brass ring
 41353 | Depths:1 | Identified the ring of Starshine {-Tele +Fly rElec rF+ Stlth+} (You found it on level 1 of the Depths)
 41427 | Depths:1 | Reached skill level 11 in Dodging
 41433 | Depths:1 | Lost mutation: Your muscles are strong. (Str +2) [mutagenic meat]
 41536 | Depths:1 | Identified the Guide on the Helpful Volcanoes
 41892 | Depths:2 | Lost mutation: You have a pair of antennae on your head. [mutagenic meat]
 41895 | Depths:2 | Gained mutation: You occasionally shout uncontrollably at your foes. [mutagenic meat]
 41897 | Depths:2 | Gained mutation: You are resistant to electric shocks. (rElec) [mutagenic meat]
 41898 | Depths:2 | Gained mutation: You are agile. (Dex +2) [mutagenic meat]
 42023 | Depths:2 | Gained mutation: You are resistant to hostile enchantments. (MR+) [mutagenic meat]
 42025 | Depths:2 | Gained mutation: You are frail. (-10% HP) [mutagenic meat]
 42026 | Depths:2 | Gained mutation: You are partially covered in iridescent scales. (AC +2) [mutagenic meat]
 42028 | Depths:2 | Gained mutation: You can translocate small distances at will. [mutagenic meat]
 42033 | Depths:2 | Noticed tsouns's ghost (adept DrGl)
 42106 | Depths:2 | Killed tsouns's ghost
 42593 | Depths:2 | Reached XP level 23. HP: 207/207 MP: 35/35
 42648 | Depths:2 | Noticed a juggernaut
 42672 | Depths:2 | Killed a juggernaut
 42672 | Depths:2 | Reached skill level 19 in Fighting
 42672 | Depths:2 | Reached skill level 17 in Armour
 42755 | Depths:2 | Got a shimmering iron ring
 42757 | Depths:2 | Identified the ring of Insomnia {rN+ MP+9 Dex-4 Slay+5 Stlth+} (You took it off a frost giant on level 2 of the Depths)
 43304 | Depths:4 | Found a one-way gate to the infinite horrors of the Abyss.
 43358 | Depths:3 | Noticed a juggernaut
 43358 | Depths:3 | Noticed a juggernaut
 43358 | Depths:3 | Noticed a golden dragon
 43359 | Depths:3 | Paralysed by a floating eye for 3 turns
 43374 | Depths:4 | Killed a juggernaut
 43376 | Depths:4 | Killed a golden dragon
 43387 | Depths:3 | Paralysed by a floating eye for 3 turns
 43416 | Depths:4 | Killed a juggernaut
 43577 | Depths:3 | Noticed a golden dragon
 43587 | Depths:3 | Noticed a golden dragon
 43592 | Depths:3 | Killed a golden dragon
 43610 | Depths:3 | Killed a golden dragon
 43610 | Depths:3 | Reached skill level 20 in Fighting
 43610 | Depths:3 | Reached skill level 18 in Armour
 44037 | Depths:4 | Reached XP level 24. HP: 219/219 MP: 35/35
 44081 | Depths:4 | Found Siustyxkie's Antique Weapon Emporium.
 44282 | Depths:4 | Gained mutation: You are highly resistant to hostile enchantments. (MR++) [mutagenic meat]
 44284 | Depths:4 | Lost mutation: You are frail. (-10% HP) [mutagenic meat]
 44285 | Depths:4 | Lost mutation: You have an increased reservoir of magic. (+10% MP) [mutagenic meat]
 44287 | Depths:4 | Lost mutation: You expend magic power (3 MP) to strengthen your wands. [mutagenic meat]
 44289 | Depths:4 | Gained mutation: You are very agile. (Dex +4) [mutagenic meat]
 44291 | Depths:4 | Lost mutation: You are highly resistant to hostile enchantments. (MR++) [mutagenic meat]
 44292 | Depths:4 | Lost mutation: You have very sharp teeth. [mutagenic meat]
 44293 | Depths:4 | Lost mutation: You have a pair of small antennae on your head. [mutagenic meat]
 44951 | Depths:4 | Reached skill level 19 in Armour
 45452 | Depths:3 | Gained mutation: Your magical capacity is low. (-10% MP) [mutagenic meat]
 45506 | Depths:3 | Gained mutation: You have a pair of small antennae on your head. [mutagenic meat]
 45507 | Depths:3 | Lost mutation: You occasionally shout uncontrollably at your foes. [mutagenic meat]
 45509 | Depths:3 | Gained mutation: You can exhale a cloud of poison. [mutagenic meat]
 45753 | Depths:3 | Lost mutation: You have a pair of small antennae on your head. [mutagenic meat]
 45759 | Depths:3 | Lost mutation: You are very agile. (Dex +4) [mutagenic meat]
 45760 | Depths:3 | Lost mutation: You can exhale a cloud of poison. [mutagenic meat]
 45761 | Depths:3 | Gained mutation: Your muscles are strong. (Str +2) [mutagenic meat]
 45764 | Depths:3 | Gained mutation: Your spells are a little harder to cast, but a little more powerful. [mutagenic meat]
 45766 | Depths:3 | Gained mutation: You can exhale a cloud of poison. [mutagenic meat]
 45767 | Depths:3 | Gained mutation: You expend magic power (3 MP) to strengthen your wands. [mutagenic meat]
 45768 | Depths:3 | Lost mutation: You expend magic power (3 MP) to strengthen your wands. [mutagenic meat]
 45769 | Depths:3 | Lost mutation: You are resistant to hostile enchantments. (MR+) [mutagenic meat]
 45968 | Depths:3 | Found a one-way gate leading to the halls of Pandemonium.
 46342 | Depths:3 | Gained mutation: You have a pair of small horns on your head. [mutagenic meat]
 46345 | Depths:3 | Lost mutation: You can translocate small distances at will. [mutagenic meat]
 46346 | Depths:3 | Lost mutation: You can exhale a cloud of poison. [mutagenic meat]
 46347 | Depths:3 | Gained mutation: You possess an exceptional clarity of mind. [mutagenic meat]
 46348 | Depths:3 | Gained mutation: Your magical capacity is very low. (-20% MP) [mutagenic meat]
 46349 | Depths:3 | Lost mutation: Your magical capacity is very low. (-20% MP) [mutagenic meat]
 46350 | Depths:3 | Gained mutation: Your spells are harder to cast, but more powerful. [mutagenic meat]
 46498 | Depths:5 | Entered Level 5 of the Depths
 46516 | Depths:5 | Reached skill level 20 in Armour
 46571 | Depths:5 | Found a gate to the Realm of Zot.
 46765 | Depths:5 | Reached XP level 25. HP: 253/253 MP: 29/29
 46980 | Depths:5 | Lost mutation: You have a pair of small horns on your head. [mutagenic meat]
 46987 | Depths:5 | Gained mutation: You are somewhat resistant to further mutation. [mutagenic meat]
 47395 | Depths:5 | Gained mutation: You can exhale a cloud of poison. [mutagenic meat]
 47398 | Depths:5 | Gained mutation: Your magical capacity is very low. (-20% MP) [mutagenic meat]
 47526 | Depths:5 | Reached skill level 21 in Armour
 47875 | Depths:5 | Found a corrupted altar of Lugonu.
 47892 | Depths:5 | Found a corrupted altar of Lugonu.
 48298 | Elf:1    | Entered Level 1 of the Elven Halls
 49216 | Elf:2    | Found an ancient bone altar of Kikubaaqudgha.
 49224 | Elf:2    | Found Tiaruaso's Antique Weapon Emporium.
 49291 | Elf:2    | Found a huge runed gate.
 49291 | Elf:2    | Found a huge runed gate.
 49291 | Elf:2    | Found a huge runed gate.
 49292 | Elf:2    | Found a huge runed gate.
 49294 | Elf:2    | Found a huge runed gate.
 49521 | Elf:2    | Reached skill level 22 in Armour
 50026 | Elf:3    | Entered Level 3 of the Elven Halls
 50087 | Elf:3    | Noticed removeelyvilon's ghost (veteran MfTm)
 50144 | Elf:3    | Killed removeelyvilon's ghost
 50310 | Elf:3    | Reached XP level 26. HP: 261/261 MP: 25/25
 51242 | Elf:3    | Reached skill level 23 in Armour
 51555 | Elf:3    | Lost mutation: You are partially covered in iridescent scales. (AC +2) [potion of cure mutation]
 51555 | Elf:3    | Lost mutation: You are somewhat resistant to further mutation. [potion of cure mutation]
 51556 | Elf:3    | Lost mutation: Your magical capacity is very low. (-20% MP) [potion of cure mutation]
 51556 | Elf:3    | Lost mutation: You possess an exceptional clarity of mind. [potion of cure mutation]
 51556 | Elf:3    | Lost mutation: You are agile. (Dex +2) [potion of cure mutation]
 51556 | Elf:3    | Lost mutation: Your magical capacity is low. (-10% MP) [potion of cure mutation]
 51556 | Elf:3    | Lost mutation: Your muscles are strong. (Str +2) [potion of cure mutation]
 51557 | Elf:3    | Lost mutation: You can exhale a cloud of poison. [potion of cure mutation]
 51557 | Elf:3    | Lost mutation: Your spells are harder to cast, but more powerful. [potion of cure mutation]
 51557 | Elf:3    | Lost mutation: You are partially covered in yellow scales. (AC +2) [potion of cure mutation]
 51558 | Elf:3    | Lost mutation: Your spells are a little harder to cast, but a little more powerful. [potion of cure mutation]
 51558 | Elf:3    | Lost mutation: You are resistant to electric shocks. (rElec) [potion of cure mutation]
 51558 | Elf:3    | Lost mutation: You are occasionally teleported next to monsters. [potion of cure mutation]
 52090 | Vaults:5 | Entered Level 5 of the Vaults
 52341 | Vaults:5 | Identified the +8 plate armour of Inquiry {rElec MR+} (You found it on level 5 of the Vaults)
 52382 | Vaults:5 | Got a warped glass ring
 52383 | Vaults:5 | Identified the ring of Uhauj {Int+4 Dex+3 Stlth+} (You found it on level 5 of the Vaults)
 52453 | Vaults:5 | Reached skill level 24 in Armour
 52496 | Vaults:5 | Got a faintly glowing jade ring
 52500 | Vaults:5 | Identified the ring of Cistoup Uce {rF+ Int+3 Dex+3} (You took it off a deep elf high priest on level 5 of the Vaults)
 52585 | Vaults:5 | Reached XP level 27. HP: 268/268 MP: 32/32
 52684 | Vaults:5 | Identified the Catalogue of Transformation and Evil
 52931 | Vaults:5 | Found Saejosk's Book Shop.
 52949 | Vaults:5 | Noticed an ancient lich
 52965 | Vaults:5 | Killed an ancient lich
 52965 | Vaults:5 | Reached skill level 25 in Armour
 52992 | Vaults:5 | Got a slimy golden ring
 52994 | Vaults:5 | Got a clouded jade amulet
 53000 | Vaults:5 | Identified the ring of Red Wine {+Fly Dex+2} (You found it on level 5 of the Vaults)
 53001 | Vaults:5 | Identified the amulet "Enurauc" {Spirit SInv} (You found it on level 5 of the Vaults)
 53695 | Vaults:5 | Got a silver rune of Zot
 54456 | Shoals:1 | Entered Level 1 of the Shoals
 54625 | Shoals:1 | Got a heavily runed silver amulet
 54648 | Shoals:1 | Identified the amulet "Feomor" {Inacc rPois} (You found it on level 1 of the Shoals)
 55081 | Shoals:2 | Found Ysam Neth's Antique Armour Emporium.
 55121 | Shoals:2 | Bought a steaming plate armour for 644 gold pieces
 55124 | Shoals:2 | Identified the +4 plate armour of Dice, Bag, and Bottle {rN+ MR+++ Int+4 Dex-5} (You bought it in a shop on level 2 of the Shoals)
 55127 | Shoals:2 | Noticed Kirke
 55137 | Shoals:2 | Killed Kirke
 56304 | Shoals:4 | Entered Level 4 of the Shoals
 56307 | Shoals:4 | Noticed Ilsuiw
 56315 | Shoals:4 | Reached skill level 26 in Armour
 56345 | Shoals:4 | Killed Ilsuiw
 56931 | Shoals:4 | Got a barnacled rune of Zot
 57105 | Shoals:4 | Noticed Louise
 57113 | Shoals:4 | Killed Louise
 57199 | Shoals:4 | Got a twitching bone amulet
 57200 | Shoals:4 | Identified the amulet "Tafeobas" {rPois Regen+ Slay+3} (You found it on level 4 of the Shoals)
 57539 | Zig:1    | Entered Level 1 of a ziggurat
 57606 | Zig:2    | Entered Level 2 of a ziggurat
 57635 | Zig:3    | Entered Level 3 of a ziggurat
 57669 | Zig:4    | Entered Level 4 of a ziggurat
 57751 | Zig:5    | Entered Level 5 of a ziggurat
 57780 | Zig:6    | Entered Level 6 of a ziggurat
 57797 | Zig:6    | Paralysed by accursed screaming for 1 turns
 57900 | Zig:6    | Got a shimmering pewter amulet
 57909 | Zig:6    | Identified the amulet of Voguliud {Faith rElec rF- Str+5 Dex+4} (You found it on level 6 of a ziggurat)
 57920 | Zig:7    | Entered Level 7 of a ziggurat
 58192 | Zig:8    | Entered Level 8 of a ziggurat
 58266 | Zig:8    | Got a transparent marble ring
 58271 | Zig:8    | Identified the ring "Odajosyi" {Str+5 Int+3 Dex+2} (You found it on level 8 of a ziggurat)
 58275 | Zig:9    | Entered Level 9 of a ziggurat
 58282 | Zig:9    | Noticed Ycajies the pandemonium lord
 58283 | Zig:9    | Noticed Xemair the pandemonium lord
 58283 | Zig:9    | Noticed Xuimigo the pandemonium lord
 58298 | Zig:9    | Killed Ycajies the pandemonium lord
 58307 | Zig:9    | Killed Xuimigo the pandemonium lord
 58328 | Zig:9    | Killed Xemair the pandemonium lord
 58328 | Zig:9    | Reached skill level 27 in Armour
 58346 | Zig:9    | Identified the Incunabulum of the Clam
 58348 | Zig:9    | Got a translucent copper ring
 58486 | Zig:9    | Got a steaming golden ring
 58520 | Zig:9    | Identified the ring "Enerch" {+Blink rN+ Int+4 Dex+3} (You found it on level 9 of a ziggurat)
 58521 | Zig:9    | Identified the ring of the Establishment {*Slow +Inv rN+ MR+ SInv} (You found it on level 9 of a ziggurat)
 58526 | Zig:10   | Entered Level 10 of a ziggurat
 58604 | Zig:10   | Got a fine bronze ring
 58605 | Zig:10   | Identified the ring of Citeodwu {rPois Str+4 Int-5 Dex+3} (You found it on level 10 of a ziggurat)
 58837 | Zot:1    | Entered Level 1 of the Realm of Zot
 58864 | Zot:1    | Reached skill level 21 in Fighting
 59046 | Zot:1    | Noticed an orb of fire
 59054 | Zot:1    | Gained mutation: Your body sometimes deteriorates upon taking damage. [an orb of fire]
 59060 | Zot:1    | Killed an orb of fire
 59307 | Zot:1    | Reached skill level 22 in Fighting
 59759 | Zot:2    | Reached skill level 12 in Dodging
 59876 | Zot:2    | Reached skill level 13 in Dodging
 60032 | Zot:2    | Reached skill level 14 in Dodging
 60170 | Zot:2    | Reached skill level 15 in Dodging
 60489 | Zot:3    | Reached skill level 16 in Dodging
 61039 | Zot:3    | Reached skill level 17 in Dodging
 61379 | Zot:4    | Got a dazzling helmet
 61380 | Zot:4    | Identified the +0 helmet of Death Resistance {Dex+3} (You found it on level 4 of the Realm of Zot)
 61652 | Zot:4    | Reached skill level 18 in Dodging
 61963 | Zot:5    | Entered Level 5 of the Realm of Zot
 62618 | Zot:5    | Noticed an orb of fire
 62631 | Zot:5    | Reached skill level 19 in Dodging
 62652 | Zot:5    | Killed an orb of fire
 62798 | Zot:5    | Reached skill level 20 in Dodging
 62919 | Zot:5    | Noticed an ancient lich
 62928 | Zot:5    | Killed an ancient lich
 63041 | Zot:5    | Got the Orb of Zot
 63159 | Zot:3    | Reached skill level 21 in Dodging
 63827 | D:1      | Lost mutation: Your body sometimes deteriorates upon taking damage. [potion of cure mutation]
 63829 | D:$      | Escaped with the Orb!

Vault maps used:
D:1:      saegor_arrival_miasma, kennysheep_nondescript, serial_park_tiny_1
D:2:      uniq_jessica, uniq_terence
D:4:      lemuel_upstairs_altar, serial_shops, nicolae_shop_behind_doors,
          uniq_menkaure, uniq_blork_the_orc, uniq_robin, uniq_pikel
D:5:      first_bread, uniq_prince_ribbit1
D:6:      bloody_trog, uniq_eustachio
D:7:      nicolae_overflow_hidden_temple
D:8:      serial_shops, nicolae_shop_statue_plus
D:9:      nicolae_gozag_zags_fifth_avenue, serial_glass, glass_columns_a,
          glass_columns_a
D:10:     hangedman_cross_veins, serial_shops, shop, the_bakery, uniq_snorg
D:11:     grunt_lair_entry_orc_guard_hut, orc_0_dummy,
          minmay_guarded_unrand_resistance, uniq_erica
D:12:     minmay_wizard_corner, minivault_16
D:13:     portal_ice_cave_demonic_guard, elyvilon_altar_4, uniq_frances
D:14:     minmay_goldmine, grunt_vaults_entry_tiered
D:15:     grunt_enter_depths_giant_problem, fedhas_altar_fruit_tree,
          minmay_liquid_box
Temple:   nicolae_temple_x_marks_the_god
Lair:2:   dummy_snake_entry
Lair:4:   elwin_shoals_entry_rooms, infiniplex_staircase_pool_2
Lair:5:   slime_altar_1, cheibrodos_lair_caveside_slide, beast_lair_carwin_11
Lair:6:   grunt_lair_end_beastmaster
Shoals:1: st_sunken_temple
Shoals:2: serial_shops, shop, uniq_kirke
Shoals:3: nicolae_shoals_siren_and_animal_friends
Shoals:4: shoals_end_simple, shoal_ilsuiw, yaktaur_hedge, uniq_louise
Snake:1:  serial_bayou_shore_a, grunt_megastairs_4, uniq_roxanne
Snake:3:  spider_trap
Snake:4:  johnstein_snake_rune_scales, spider_trap, grunt_megastairs_2,
          uniq_agnes
Orc:1:    enter_volcano_4
Orc:2:    st_orc_elflike, basic_altar, nicolae_orc_lava_room, uniq_saint_roka
Elf:1:    minivault_28
Elf:2:    serial_glass, glass_columns_b, glass_columns_a, glass_columns_a,
          glass_columns_a, glass_columns_a, glass_columns_a, basic_altar,
          serial_shops, shop
Elf:3:    minmay_elf_hall, hangedman_elven_ridges
Vaults:1: grunt_vaults_funnel, v_misc_11, v_misc_2, v_misc_11,
          vaults_standard_mumra_x, v_misc_29, ontoclasm_vaults_gallery,
          ontoclasm_vaults_loading_screen, vaults_room_hallway,
          vaults_room_stairs_pillars, basic_altar, uniq_asterion, uniq_donald,
          uniq_aizul
Vaults:2: nicolae_vaults_know_your_exits, v_misc_5, v_misc_18, v_misc_28,
          nicolae_vaults_little_squares_1, v_misc_18,
          grunt_vaults_hallway_short, dpeg_vaults_monster_row,
          ontoclasm_vaults_shuriken
Vaults:3: nicolae_vaults_network_star, v_misc_27, v_alt_pattern_2,
          nicolae_vaults_puzzle_piece, vaults_dpeg_doors, v_misc_33,
          nicolae_vaults_theta, nicolae_vaults_stairing_the_circle,
          nicolae_vaults_little_squares_3, vaults_dpeg_cross,
          nicolae_vaults_little_squares_3, ontoclasm_vaults_gateway
Vaults:4: vaults_room_grid, st_octagons_2, hangedman_vaults_snaps,
          hangedman_vaults_impose, v_misc_25, vaults_room_hallway, v_misc_30,
          hangedman_vaults_locks, vaults_standard_mumra_lines, v_rooms_1,
          vaults_dpeg_diagonal, vaults_dpeg_ring, nicolae_vaults_rhombus_6,
          hangedman_vaults_cutoff, vaults_room_semicircle, enter_trove_5
Vaults:5: serial_shops
Depths:1: enter_ziggurat_e, grunt_metal_band, nrook_pool_corridor, serial_shops,
          bzr_entry_islet, minmay_hollow_rounded_squares
Depths:2: minmay_fractal_lines_corner, hellmouth_1,
          hangedman_abyss_or_decor_slice, infiniplex_staircase_door_maze,
          grunt_megastairs_1
Depths:3: grunt_runaround, hell_entry, abyss_entry, pan_entry
Depths:4: minmay_eyes, hangedman_abyss_or_decor_passed, grunt_hell_entry_dis_mu,
          minmay_room_of_horrors, serial_shops, shop
Depths:5: grunt_x_marks_the_spot, serial_co_window_serial, co_window_paths_a,
          co_window_corner_a, co_window_corner_a, co_window_corner_a,
          co_window_corner_a, co_window_broadway_c, co_window_paths_c,
          co_window_2corner, co_window_4corner_b, co_window_paths_e,
          glass_columns_c, glass_columns_a, glass_columns_b, glass_columns_a,
          glass_columns_c, pan_entry, abyss_entry_flame_altar, hell_entry,
          tgw_lugonu_bribe
Zot:1:    zot_minivault_1
Zot:2:    grunt_ministairs_14
Abyss:3:  hangedman_classic_abyss_death
Zig:4:    ziggurat_pillar_centre_c
Zig:8:    ziggurat_pillar_centre_dead_trees
Zig:9:    ziggurat_pillar_centre_smoke
Zig:10:   ziggurat_pillar_centre_oklobs
Trove:    trove_jewel_2
IceCv:    ice_cave_small_demon
Volcano:  volcano_bunker

Skill      XL: |  1  2  3  4  5  6  7  8  9 10 11 12 13 14 15 16 17 18 19 20 21 22 23 24 25 26 27 |
---------------+----------------------------------------------------------------------------------+-----
Shields        | 3 6 7 10 | 10.0
Axes           | 3 4 5 6 8 9 11 13 15 16 18 | 18.0
Evocations     | 1 5 10 | 10.5
Fighting       | 4 6 8 10 11 14 15 16 17 18 20 22 | 22.5
Armour         | 3 5 7 9 11 13 14 16 18 20 22 24 27 | 27.0
Invocations    | 7 9 12 | 12.5
Dodging        | 8 11 21 | 21.2

Action                   |  1- 3 |  4- 6 |  7- 9 | 10-12 | 13-15 | 16-18 | 19-21 | 22-24 | 25-27 || total
-------------------------+-------+-------+-------+-------+-------+-------+-------+-------+-------++-------
Melee: War axe           |    85 |   101 |    49 |   294 |   301 |       |       |       |       ||   830
       Flail             |       |    13 |   211 |   506 |    21 |       |       |       |       ||   751
       Constrict         |       |       |       |       |   226 |   270 |   226 |   205 |   515 ||  1442
       Broad axe         |       |       |       |       |   923 |  1224 |  1409 |  1457 |  3194 ||  8207
       Scimitar          |       |       |       |       |    22 |       |       |       |       ||    22
       Bite              |       |       |       |       |       |       |    13 |   204 |       ||   217
       Headbutt          |       |       |       |       |       |       |       |    39 |    17 ||    56
Invok: Lesser Servant of |       |       |       |       |    10 |     2 |       |       |       ||    12
       Minor Destruction |       |       |       |       |       |       |     1 |       |       ||     1
 Abil: Spit Poison       |       |     4 |     2 |       |       |       |       |       |       ||     6
       Evoke Berserk Rag |       |       |     8 |    10 |     8 |     1 |     1 |       |       ||    28
       Breathe Poison Ga |       |       |       |       |       |       |       |     1 |       ||     1
Evoke: Wand              |       |       |       |     3 |    10 |    10 |     2 |       |     4 ||    29
       Fan of gales      |       |       |       |       |       |       |       |       |     1 ||     1
  Use: Scroll            |       |       |    11 |    10 |    18 |     8 |     7 |     7 |    25 ||    86
       Potion            |       |       |     6 |     3 |     1 |     2 |     7 |       |    19 ||    38
 Stab: Distracted        |       |       |     1 |       |     2 |     4 |       |       |     1 ||     8
       Paralysed         |       |       |       |    11 |       |       |       |       |       ||    11
       Petrified         |       |       |       |       |     7 |       |       |       |       ||     7
       Invisible         |       |       |       |       |       |       |       |       |    17 ||    17
  Eat: Chunk             |       |     5 |    13 |    16 |    31 |    13 |    29 |    84 |    35 ||   226
       Beef jerky        |       |       |     2 |     1 |       |     3 |       |       |     4 ||    10
       Bread ration      |       |       |       |     4 |       |     1 |     3 |       |     4 ||    12
       Meat ration       |       |       |       |     1 |       |       |       |       |     4 ||     5
       Fruit             |       |       |       |       |     5 |     1 |     4 |       |       ||    10
       Royal jelly       |       |       |       |       |     2 |       |       |       |     4 ||     6
       Pizza             |       |       |       |       |       |     1 |       |     1 |     1 ||     3
Armor: Scale mail        |    36 |    47 |    54 |       |       |       |       |       |       ||   137
       Skin              |       |       |     2 |       |       |       |       |       |       ||     2
       Chain mail        |       |       |    68 |   127 |       |       |       |       |       ||   195
       Plate armour      |       |       |       |   311 |   692 |       |       |       |       ||  1003
       Crystal plate arm |       |       |       |       |    95 |   570 |   646 |   722 |  1667 ||  3700
Dodge: Dodged            |    27 |    22 |    77 |   158 |   129 |    63 |    81 |   230 |   753 ||  1540
Block: Shield            |    59 |    62 |   187 |   468 |   728 |   799 |   732 |   683 |  1589 ||  5307
       Reflection        |       |       |       |       |       |    71 |    99 |       |       ||   170
       Rpst.: Scimitar   |       |       |       |       |     1 |       |       |       |       ||     1
